 Dungeon Crawl Stone Soup version 0.22.1-2-g9c5b331 (webtiles) character file.

1633 Malhgor the Thaumaturge (level 8, -2/60 HPs)
             Began as a Gnoll Wizard on Dec 2, 2018.
             Was an Initiate of Ashenzari.
             Slain by a wight
             ... wielding a cursed +5 halberd
              (15 damage)
             ... on level 8 of the Dungeon.
             The game lasted 00:31:15 (7966 turns).

Malhgor the Thaumaturge (Gnoll Wizard)              Turns: 7966, Time: 00:31:16

Health: -2/60      AC:  7    Str: 16    XL:     8   Next: 98%
Magic:  0/20       EV: 14    Int: 23    God:    Ashenzari [......]
Gold:   400        SH:  0    Dex: 13    Spells: 12/23 levels left

rFire    . . .     SeeInvis .   u - +1 short sword
rCold    . . .     Gourm    .   (no shield)
rNeg     . . .     Faith    .   x - +0 robe (curse)
rPois    .         Spirit   .   s - +2 hat
rElec    .         Reflect  .   r - +2 cloak
rCorr    .         Harm     .   (no gloves)
MR       .....                  (no boots)
Stlth    +++.......             (no amulet)
HPRegen  0.20/turn              q - +6 ring of strength
MPRegen  0.17/turn              (no ring)

@: drained
A: distributed training, fangs 1, strong nose
a: Curse Item, Renounce Religion


You were on level 8 of the Dungeon.
You worshipped Ashenzari.
Ashenzari was noncommittal.
You were not hungry.

You visited 2 branches of the dungeon, and saw 9 of its levels.

You collected 400 gold pieces.

Inventory:

Hand Weapons
 u - a +1 short sword (weapon)
Armour
 a - a +1 robe
 b - a +0 hat
 r - a +2 cloak (worn)
 s - a +2 hat (worn)
 x - a cursed +0 robe (worn)
Jewellery
 q - a +6 ring of strength (left hand)
Wands
 o - a wand of disintegration (8)
 C - a wand of digging (16)
Scrolls
 e - 4 scrolls of identify
 f - 2 scrolls of enchant armour
 l - 3 scrolls of teleportation
 m - 3 scrolls of remove curse
 t - a scroll of amnesia
Potions
 g - 4 potions of heal wounds {unknown}
 h - 3 potions of curing {unknown}
 i - 5 potions of agility {unknown}
 j - a potion of mutation {unknown}
 p - a potion of lignification {unknown}
 v - 2 potions of flight {unknown}
 w - a potion of brilliance {unknown}
 B - a potion of might {unknown}
 D - a potion of cancellation {unknown}
Comestibles
 d - 10 rations
 E - 2 chunks of flesh


   Skills:
 + Level 3.6(2.6) Fighting
 + Level 3.6(2.6) Short Blades
 + Level 3.6(2.6) Long Blades
 + Level 3.6(2.6) Axes
 + Level 3.6(2.6) Maces & Flails
 + Level 3.6(2.6) Polearms
 + Level 3.6(2.6) Staves
 + Level 3.6(2.6) Slings
 + Level 3.6(2.6) Bows
 + Level 3.6(2.6) Crossbows
 + Level 3.6(2.6) Throwing
 + Level 3.6(2.6) Armour
 + Level 5.9(4.8) Dodging
 + Level 5.6(4.5) Stealth
 + Level 3.6(2.6) Shields
 + Level 3.6(2.6) Unarmed Combat
 + Level 8.1(6.9) Spellcasting
 + Level 3.7(2.7) Conjurations
 + Level 3.0(2.0) Hexes
 + Level 3.0(2.0) Charms
 + Level 3.7(2.7) Summonings
 + Level 3.0(2.0) Necromancy
 + Level 3.7(2.7) Translocations
 + Level 3.0(2.0) Transmutations
 + Level 3.0(2.0) Fire Magic
 + Level 3.0(2.0) Ice Magic
 + Level 3.0(2.0) Air Magic
 + Level 3.0(2.0) Earth Magic
 + Level 3.0(2.0) Poison Magic
 + Level 4.0(3.0) Invocations
 + Level 3.6(2.6) Evocations


You had 12 spell levels left.
You knew the following spells:

 Your Spells              Type           Power        Failure   Level  Hunger
a - Magic Dart            Conj           ###.         2%          1    None
b - Blink                 Tloc           N/A          3%          2    None
c - Call Imp              Summ           ###.....     3%          2    None
d - Conjure Flame         Conj/Fire      ###.....     9%          3    None
e - Mephitic Cloud        Conj/Pois/Air  ###.....     9%          3    None

Your spell library contained the following spells:

 Spells                   Type           Power        Failure   Level  Hunger
 Slow                     Hex            ###.....     4%          2    None


Dungeon Overview and Level Annotations

Branches:
Dungeon (8/15)             Temple (1/1) D:4
   Lair: D:8-11

Altars:
Ashenzari
Cheibriados
Dithmenos
Elyvilon
Fedhas
Gozag
Hepliaklqana
Kikubaaqudgha
Makhleb
Nemelex Xobeh
Okawaru
Qazlal
Ru
Sif Muna
Uskayaw
Vehumet
Wu Jian
Xom
Yredelemnul
Zin
The Shining One

Shops:
D:4 (

Annotations:
D:1 Done
D:2 Done
D:3 Done
D:4 Done
D:5 1 runed door, cotteux's ghost, novice GrBe
D:6 Grinder


Innate Abilities, Weirdness & Mutations

Your experience applies equally to all skills.
You have very sharp teeth.
Your uncanny sense of smell can sniff out nearby items.


Message History

Press: ? - help, Shift-Dir - straight line, f/p - wight
Aim: a wight, wielding an enchanted halberd and wearing a robe (almost The magic dart hits the wight.
The wight is almost destroyed.
The wight closely misses you.
You hit the wight but do no damage.
The wight is almost destroyed.
You hit the wight. You bite the wight, but do no damage.
The wight is almost destroyed.
The wight hits you with an enchanted halberd!
* * * LOW HITPOINT WARNING * * *
You feel drained.
* * * LOW HITPOINT WARNING * * *
You closely miss the wight.
The wight is almost destroyed.
The wight misses you.
You hit the wight but do no damage. Your bite misses the wight.
The wight is almost destroyed.
The wight hits you with an enchanted halberd!
You die...

.... ∆ ... # #.# +
############.######)
#
#...................
+
#...########.######
# #...# #.#.. +
#...# #z#.# # #.).#
###.#@# ###...#
#...z.# #8#...#
#...### ......#
#...# .....## #####
.....# ###### ∆


You could see a wight.

Vanquished Creatures
  Menkaure (D:6)
  An eye of draining (D:8)
  3 ogres
  A centaur (D:5)
  2 scorpions (D:6)
  A crimson imp (D:6)
  A bullfrog zombie (D:6)
  4 hounds
  A jelly (D:6)
  A bullfrog skeleton (D:6)
  7 orc priests
  A centaur skeleton (D:4)
  2 orc wizards (D:7)
  2 iguanas
  3 worker ants
  A killer bee zombie (D:5)
  A hound skeleton (D:7)
  Robin (D:4)
  6 adders
  4 gnolls (D:7)
  2 oozes
  A worm (D:2)
  A dart slug (D:2)
  2 leopard geckos
  13 orcs
  6 giant cockroaches
  19 goblins
  8 hobgoblins
  15 jackals
  6 quokkas
  3 ball pythons
  8 bats
  5 frilled lizards
  3 kobolds
  A leopard gecko skeleton (D:5)
  A quokka zombie (D:5)
  7 rats
145 creatures vanquished.

Vanquished Creatures (collateral kills)
  An ogre (D:5)
  An adder (D:3)
  3 orcs (D:7)
  A hobgoblin (D:3)
6 creatures vanquished.

Grand Total: 151 creatures vanquished

Notes
Turn   | Place    | Note
-------+----------+-------------------------------------------
     0 | D:1      | Malhgor the Gnoll Wizard began the quest for the Orb.
     0 | D:1      | Reached XP level 1. HP: 13/13 MP: 8/8
   152 | D:1      | Reached XP level 2. HP: 19/19 MP: 6/10
   401 | D:1      | Learned a level 2 spell: Blink
   404 | D:1      | Learned a level 2 spell: Call Imp
   485 | D:1      | Reached XP level 3. HP: 25/25 MP: 7/11
   490 | D:1      | Learned a level 3 spell: Conjure Flame
   494 | D:1      | Learned a level 3 spell: Mephitic Cloud
  1114 | D:2      | Reached skill level 1 in Invocations
  1178 | D:2      | Reached skill level 1 in Fighting
  1178 | D:2      | Reached skill level 1 in Short Blades
  1178 | D:2      | Reached skill level 1 in Long Blades
  1178 | D:2      | Reached skill level 1 in Axes
  1178 | D:2      | Reached skill level 1 in Maces & Flails
  1178 | D:2      | Reached skill level 1 in Polearms
  1178 | D:2      | Reached skill level 1 in Staves
  1178 | D:2      | Reached skill level 1 in Slings
  1178 | D:2      | Reached skill level 1 in Bows
  1178 | D:2      | Reached skill level 1 in Crossbows
  1178 | D:2      | Reached skill level 1 in Throwing
  1178 | D:2      | Reached skill level 1 in Armour
  1178 | D:2      | Reached skill level 1 in Shields
  1178 | D:2      | Reached skill level 1 in Unarmed Combat
  1178 | D:2      | Reached skill level 1 in Evocations
  1224 | D:2      | Reached XP level 4. HP: 22/32 MP: 9/13
  1924 | D:3      | Found a radiant altar of Vehumet.
  2309 | D:3      | Found a white marble altar of Elyvilon.
  2310 | D:3      | Found a hazy altar of Hepliaklqana.
  2370 | D:3      | Reached skill level 1 in Hexes
  2370 | D:3      | Reached skill level 1 in Charms
  2370 | D:3      | Reached skill level 1 in Necromancy
  2370 | D:3      | Reached skill level 1 in Transmutations
  2370 | D:3      | Reached skill level 1 in Fire Magic
  2370 | D:3      | Reached skill level 1 in Ice Magic
  2370 | D:3      | Reached skill level 1 in Air Magic
  2370 | D:3      | Reached skill level 1 in Earth Magic
  2370 | D:3      | Reached skill level 1 in Poison Magic
  3015 | D:5      | Entered Level 5 of the Dungeon
  3178 | D:4      | Reached XP level 5. HP: 37/37 MP: 3/14
  3291 | D:4      | Found a staircase to the Ecumenical Temple.
  3293 | D:4      | Noticed an ogre
  3374 | D:4      | Killed an ogre
  3374 | D:4      | Reached XP level 6. HP: 44/44 MP: 0/16
  3439 | Temple   | Entered the Ecumenical Temple
  3688 | D:4      | Reached skill level 5 in Dodging
  3945 | D:4      | Found an ancient bone altar of Kikubaaqudgha.
  3968 | D:4      | Found Zity's Weapon Boutique.
  4211 | D:4      | Noticed Robin
  4222 | D:4      | Killed Robin
  4715 | D:5      | Reached XP level 7. HP: 30/50 MP: 3/18
  4810 | D:5      | Found a runed door.
  4816 | D:5      | Noticed cotteux's ghost (novice GrBe)
  5642 | D:5      | Reached skill level 5 in Stealth
  5833 | D:5      | You fall through a shaft for 2 floors!
  5834 | D:7      | Found an opulent altar of Gozag.
  5872 | D:7      | Found a shattered altar of Ashenzari.
  6204 | D:6      | Found an ornate altar of the Wu Jian Council.
  6345 | D:6      | Reached XP level 8. HP: 57/57 MP: 13/19
  7101 | D:6      | Noticed Menkaure
  7110 | D:6      | Killed Menkaure
  7155 | D:6      | Noticed Grinder
  7343 | D:7      | Became a worshipper of Ashenzari the Shackled
  7354 | D:7      | Reached skill level 8 in Spellcasting
  7646 | D:7      | Found a snail-covered altar of Cheibriados.
  7647 | D:7      | Found a burning altar of Makhleb.
  7966 | D:8      | Slain by a wight

Skill      XL: |  1  2  3  4  5  6  7  8 |
---------------+-------------------------+-----
Conjurations   | 2 3 |  3.7
Summonings     | 2 3 |  3.7
Translocations | 2 3 |  3.7
Invocations    | 1 2 3 4 |  4.0
Fighting       | 1 2 3 |  3.6
Short Blades   | 1 2 3 |  3.6
Long Blades    | 1 2 3 |  3.6
Axes           | 1 2 3 |  3.6
Maces & Flails | 1 2 3 |  3.6
Polearms       | 1 2 3 |  3.6
Staves         | 1 2 3 |  3.6
Slings         | 1 2 3 |  3.6
Bows           | 1 2 3 |  3.6
Crossbows      | 1 2 3 |  3.6
Throwing       | 1 2 3 |  3.6
Armour         | 1 2 3 |  3.6
Shields        | 1 2 3 |  3.6
Unarmed Combat | 1 2 3 |  3.6
Evocations     | 1 2 3 |  3.6
Hexes          | 1 2 3 |  3.0
Charms         | 1 2 3 |  3.0
Necromancy     | 1 2 3 |  3.0
Transmutations | 1 2 3 |  3.0
Fire Magic     | 1 2 3 |  3.0
Ice Magic      | 1 2 3 |  3.0
Air Magic      | 1 2 3 |  3.0
Earth Magic    | 1 2 3 |  3.0
Poison Magic   | 1 2 3 |  3.0
Dodging        | 5 |  5.9
Stealth        | 5 |  5.6
Spellcasting   | 8 |  8.1

Action                   |  1- 3 |  4- 6 |  7- 9 || total
-------------------------+-------+-------+-------++-------
Melee: Short sword       |       |    10 |    36 ||    46
       Bite              |       |     1 |     1 ||     2
       Punch             |       |       |     1 ||     1
 Cast: Magic Dart        |    70 |   198 |   279 ||   547
       Call Imp          |       |     2 |     5 ||     7
       Blink             |       |     2 |     2 ||     4
       Mephitic Cloud    |       |     1 |     1 ||     2
       Conjure Flame     |       |     1 |       ||     1
Evoke: Wand              |       |     4 |       ||     4
  Use: Scroll            |       |       |    10 ||    10
  Eat: Chunk             |     1 |     9 |     8 ||    18
       Ration            |       |       |     1 ||     1
Armor: Robe              |     1 |    15 |    36 ||    52
Dodge: Dodged            |     6 |    67 |   104 ||   177
